 Dungeon Crawl Stone Soup version 0.31-a0-854-g362426d53f (webtiles) character file.

Game seed: 15782877293564166957

331 Dirtsage the Ruffian (level 6, 0/38 HPs)
             Began as an Octopode Shapeshifter on Oct 8, 2023.
             Succumbed to a scorpion's poison
             ... on level 4 of the Dungeon.
             The game lasted 00:03:34 (2767 turns).

Dirtsage the Ruffian (Octopode Shapeshifter)        Turns: 2767, Time: 00:03:35

Health: 0/38       AC:  3    Str: 12 (15) XL:     6   Next: 52%
Magic:  6/6        EV: 12    Int: 13 (16) God:
Gold:   99         SH:  0    Dex:  7 (10) Spells: 5/5 levels left

rFire   . .          .
                       - Unarmed
rCold   . . .        (no shield)
rNeg    . . .        (helmet currently unavailable)
rPois   .            (no amulet)
rElec   .            (no ring)
rCorr   .            (no ring)
SInv    .            (no ring)
Will    .....        (no ring)
Stlth   ++           (no ring)
HPRegen 0.26/turn    (no ring)
MPRegen 0.10/turn    (no ring)
                     (no ring)

%: no passive effects
@: lethally poisoned (0 -> -2), beast-form
A: beast (slay +1), almost no armour, amphibious, 8 rings, camouflage 1,
gelatinous body 1, (nimble swimmer 1), tentacles, iridescent scales 1, clever 1
a: Begin Untransformation


You were on level 4 of the Dungeon.
You were a hulking beast.
You visited 1 branch of the dungeon, and saw 4 of its levels.

You collected 99 gold pieces.

Inventory:

Talismans
 b - a beast talisman (active)
 c - a flux talisman
Wands
 d - a wand of mindburst (13)
Scrolls
 a - a scroll of immolation {unknown}
 e - 2 scrolls of noise {unknown}
 g - a scroll of enchant armour
 h - a scroll of amnesia {unknown}
Potions
 f - a potion of degeneration


   Skills:
 - Level 1.0 Fighting
 - Level 2.0 Dodging
 + Level 7.1 Unarmed Combat
 - Level 3.0 Shapeshifting


You had 5 spell levels left.
You didn't know any spells.
Your spell library was empty.

Dungeon Overview and Level Annotations

Branches:
Dungeon (4/15)
 Temple: D:4-7

Altars:
Kikubaaqudgha


Innate Abilities, Weirdness & Mutations

You are a hulking beast.
Your limbs bulge with bestial killing power. (Slay +1)
You cannot wear most types of armour.
You are amphibious.
You can wear up to eight rings at the same time.
Your skin changes colour to match your surroundings (Stealth+).
Your rubbery body absorbs attacks. (AC +1, EV +1)
((You are camouflaged when in or above water. (Stealth+)))
You have tentacles for arms and can constrict up to eight enemies at once.
You are partially covered in iridescent scales. (AC +2)
Your mind is acute. (Int +4, Str/Dex -1)


Message History

You constrict the scorpion, but do no damage.
You feel sick. The scorpion stings you.
* * * LOW HITPOINT WARNING * * *
You take 6 damage, and have 9/38 hp.
It was a potion of degeneration.
There was something very wrong with that liquid.
You feel weakened.
You feel dopey.
You feel clumsy.
You constrict the scorpion.
* * * LOW HITPOINT WARNING * * *
You feel sick. The scorpion stings you.
* * * LOW HITPOINT WARNING * * *
You take 4 damage, and have 5/38 hp.
It was a potion of mutation.
You feel extremely strange.
Iridescent scales grow over part of your body.
You feel clever.
You constrict the scorpion.
* * * LOW HITPOINT WARNING * * *
You feel sick. The scorpion barely misses you.
You take 2 damage, and have 3/38 hp.
You tentacle-slap the scorpion but do no damage.
You squeeze the scorpion.
The scorpion is severely wounded.
You constrict the scorpion, but do no damage.
* * * LOW HITPOINT WARNING * * *
You feel sick. The scorpion completely misses you.
You tentacle-slap the scorpion. You squeeze the scorpion.
The scorpion is almost dead.
You constrict the scorpion.
You kill the scorpion!
* * * LOW HITPOINT WARNING * * *
You feel sick.
Your Unarmed Combat skill increases to level 7!
You take 1 damage, and have 2/38 hp.
Okay, then.
Okay, then.
* * * LOW HITPOINT WARNING * * *
You feel sick.
You see here a scorpion corpse.
You take 1 damage, and have 1/38 hp.
You die...

'........~~~.......#
#........~~~.......#
#........~~~.......# #
........8........# #
.................#
###...###...########+###
..##### #..#............
..# #....#..=.........
..# #....#...†h.......
..#######..#......:.....
.....####..#............
..._.#p##...............
#....###################
######## # # #


There were no monsters in sight!

Vanquished Creatures
  A black bear (D:4)
  A scorpion (D:4)
  An iguana (D:4)
  2 orc wizards
  An adder (D:2)
  An ufetubus (D:4)
  4 worms
  2 dart slugs
  6 orcs
  4 ball pythons
  3 bats
  9 endoplasms
  4 giant cockroaches
  3 hobgoblins (D:3)
  11 jackals
  5 quokkas
  2 frilled lizards
  8 goblins
  5 kobolds
  3 rats
76 creatures vanquished.

Vanquished Creatures (others)
  A human (D:4)
1 creature vanquished.

Grand Total: 77 creatures vanquished

Notes
Turn   | Place    | Note
-------+----------+-------------------------------------------
     0 | D:1      | Dirtsage the Octopode Shapeshifter began the quest for the
                  | Orb.
     0 | D:1      | Reached XP level 1. HP: 13/13 MP: 1/1
    99 | D:1      | Reached XP level 2. HP: 18/18 MP: 2/2
   606 | D:2      | Reached skill level 4 in Unarmed Combat
   638 | D:2      | Reached XP level 3. HP: 23/23 MP: 3/3
  1194 | D:2      | Reached XP level 4. HP: 23/28 MP: 4/4
  1528 | D:3      | Found a faded altar of an unknown god.
  1612 | D:3      | Reached skill level 5 in Unarmed Combat
  2141 | D:3      | Reached XP level 5. HP: 21/33 MP: 5/5
  2433 | D:4      | Found an ancient bone altar of Kikubaaqudgha.
  2434 | D:4      | Noticed a human
  2437 | D:4      | Killed a human
  2452 | D:4      | Reached skill level 6 in Unarmed Combat
  2469 | D:4      | Noticed a black bear
  2490 | D:4      | Killed a black bear
  2491 | D:4      | Reached XP level 6. HP: 36/38 MP: 6/6
  2763 | D:4      | Gained mutation: You are partially covered in iridescent
                  | scales. (AC +2) [potion of mutation]
  2763 | D:4      | Gained mutation: Your mind is acute. (Int +4, Str/Dex -1)
                  | [potion of mutation]
  2766 | D:4      | Reached skill level 7 in Unarmed Combat
  2766 | D:4      | HP: 1/38 [poisoned by a scorpion]
  2767 | D:4      | Succumbed to a scorpion's poison

Illustrated notes

Levels and vault maps discovered:
D:1:      minmay_arrival_three_doors, layout_loops_ring
D:2:      layout_basic
D:3:      layout_basic, ebering_ecumenical_altar_hall
D:4:      layout_gridville, tgw_kikubaaqudgha, serial_park_tiny_pond,
          nicolae_shop_fire_sale [nicolae_sub_dead_trees]

Skill      XL: |  1  2  3  4  5  6 |
---------------+-------------------+-----
Unarmed Combat | 4 5 6 7 |  7.1
Fighting       | |  1.0
Dodging        | |  2.0
Shapeshifting  | |  3.0

Action                     |  1- 3 |  4- 6 || total
---------------------------+-------+-------++-------
  Melee: Unarmed           |    50 |   107 ||   157
         Tentacles         |    14 |    21 ||    35
         Constrict         |    13 |    20 ||    33
         Punch             |     2 |     1 ||     3
    Use: Scroll            |       |     2 ||     2
         Potion            |       |     3 ||     3
   Stab: Sleeping          |     3 |     3 ||     6
 Armour: Skin              |    17 |    49 ||    66
  Dodge: Dodged            |    25 |    51 ||    76

Table legend: (Time is in decaauts)
 A = Elapsed time spent in this place.
 B = Non-inter-level travel time spent in this place.
 C = Inter-level travel time spent in this place.
 D = Time resting spent in this place.
 E = Time spent auto-exploring this place.
 F = Levels seen in this place.
 G = Mean time per level.
                   A        B        C        D        E       F      G
               +--------+--------+--------+--------+--------+-----+--------+
         Total |   2749 |   2722 |     27 |    148 |   2149 |   4 |  687.2 |
       Dungeon |   2749 |   2722 |     27 |    148 |   2149 |   4 |  687.2 |
               +--------+--------+--------+--------+--------+-----+--------+

Top non-repeatable levels by time:
     D:3: 963 daAuts
     D:2: 682 daAuts
     D:1: 599 daAuts
     D:4: 504 daAuts
